 Dungeon Crawl Stone Soup version 0.32-a0-876-gcfddb08e57 (webtiles) character file.

Game seed: 12554125647046971320

66 bmack86 the Shield-Bearer (level 3, -2/31 HPs)
             Began as a Minotaur Fighter on Apr 1, 2024.
             Slain by a gnoll
             ... wielding a +0 club
              (5 damage)
             ... on level 2 of the Dungeon.
             The game lasted 00:02:10 (948 turns).

bmack86 the Shield-Bearer (Minotaur Fighter)         Turns: 948, Time: 00:02:11

Health: -2/31      AC:  6    Str: 22    XL:     3   Next: 96%
Magic:  2/2        EV:  8    Int:  5    God:
Gold:   41         SH:  4    Dex:  9    Spells: 2/2 levels left

rFire   . . .        a - +0 war axe
rCold   . . .        c - +0 buckler
rNeg    . . .        b - +0 scale mail
rPois   .            (helmet restricted)
rElec   .            (no cloak)
rCorr   .            (no gloves)
SInv    .            (no boots)
Will    +....        (no amulet) Stlth
                     i - ring of willpower
HPRegen 0.25/turn    k - ring of flight
MPRegen 0.08/turn

%: no passive effects
@: mighty, flying
A: horns 2, retaliatory headbutt
a: no special abilities


You were on level 2 of the Dungeon.
You visited 1 branch of the dungeon, and saw 2 of its levels.

You collected 41 gold pieces.

Inventory:

Hand Weapons
 a - a +0 war axe (weapon)
Armour
 b - a +0 scale mail (worn)
 c - a +0 buckler (worn)
Jewellery
 i - a ring of willpower (left hand)
 k - a ring of flight (right hand)
Scrolls
 e - a scroll of enchant weapon {unknown}
 g - a scroll of teleportation {unknown}
 j - 2 scrolls of blinking {unknown}
Potions
 f - a potion of berserk rage {unknown}
 h - a potion of degeneration {unknown}


   Skills:
 - Level 3.6 Fighting
 + Level 4.0 Axes
 - Level 3.6 Armour
 - Level 5.0 Shields


You had 2 spell levels left.
You didn't know any spells.
Your spell library contained the following spells:

 Spells                   Type           Power      Damage    Failure   Level
 Static Discharge         Conj/Air       0%         3-3/arc   94%         2
 Airstrike                Air            0%         2d(0-16)  100%        4
 Summon Lightning Spire   Summ/Air       0%         N/A       100%        4


Dungeon Overview and Level Annotations

Branches:
Dungeon (2/15)

Altars:


Innate Abilities, Weirdness & Mutations

You have a pair of horns on your head.
You reflexively headbutt those who attack you in melee.


Message History

The giant cockroach bites you but does no damage.
The gnoll closely misses you. The giant cockroach closely misses you.
You feel very mighty all of a sudden.
The gnoll hits you from afar with a +0 spear.
You block the gnoll's attack. The gnoll completely misses you.
You furiously retaliate!
You headbutt the gnoll!!
You kill the gnoll!
The giant cockroach bites you.
Training target 5.0 for Shields reached!
Your Shields skill increases to level 5!
The giant cockroach bites you. The gnoll closely misses you.
The gnoll hits you from afar with a +0 spear.
The gnoll barely misses you.
Things that are here:
a +0 flail; a +2 short sword of speed The giant cockroach bites you but does no damage.
The gnoll hits you with a +0 spear. The gnoll hits you with a +0 club.
The gnoll hits you with a +0 spear.
* * * LOW HITPOINT WARNING * * *
You barely miss the gnoll. You headbutt the gnoll.
The gnoll is moderately wounded.
You barely miss the gnoll. You slash the giant cockroach!
You kill the giant cockroach!
You slash the gnoll! You block the gnoll's attack. The gnoll barely misses you.
The gnoll hits you with a +0 club.
* * * LOW HITPOINT WARNING * * *
You barely miss the gnoll. You headbutt the gnoll!
The gnoll is almost dead.
You hit the gnoll. You slash the gnoll!
You kill the gnoll!
The gnoll hits you with a +0 spear.
* * * LOW HITPOINT WARNING * * *
The gnoll misses you. You furiously retaliate!
You headbutt the gnoll.
Your Axes skill increases to level 4!
You barely miss the gnoll. Your headbutt misses the gnoll.
The gnoll is almost dead.
You barely miss the gnoll. The gnoll hits you with a +0 spear.
* * * LOW HITPOINT WARNING * * *
The gnoll hits you with a +0 club.
You die...

####.)..#....##..########....
#.##.#.######..# #....
#.##.#.# ##..# ##### #.##.#.#
#..# #......#########.#
####...#...........
#................
##....g........ ..
#....†)@g......
##.#.#.).......
#.#........... #.#...........
#.#........... ......######
##.###.# #.# .#


You could see 2 gnolls.

Vanquished Creatures
  2 gnolls (D:2)
  2 adders (D:2)
  A dart slug (D:1)
  An endoplasm (D:1)
  A giant cockroach (D:2)
  2 goblins
  5 hobgoblins
  2 kobolds
  2 quokkas (D:2)
  A ball python (D:1)
  2 bats (D:1)
  A frilled lizard (D:1)
  6 rats
28 creatures vanquished.

Notes
Turn   | Place    | Note
-------+----------+-------------------------------------------
     0 | D:1      | bmack86 the Minotaur Fighter began the quest for the Orb.
     0 | D:1      | Reached XP level 1. HP: 19/19 MP: 0/0
    33 | D:1      | Reached skill level 4 in Shields
   126 | D:1      | Reached XP level 2. HP: 26/26 MP: 1/1
   792 | D:2      | Reached XP level 3. HP: 25/31 MP: 2/2
   944 | D:2      | Reached skill level 5 in Shields
   948 | D:2      | Slain by a gnoll

Illustrated notes

Levels and vault maps discovered:
D:1:      dpeg_arrival_connections, layout_basic
D:2:      layout_basic

Skill      XL: |  1  2  3 |
---------------+----------+-----
Shields        | 4 5 |  5.0
Axes           | 3 4 |  4.0
Fighting       | |  3.6
Armour         | |  3.6

Action                     || total
---------------------------++-------
  Melee: War axe           ||    76
         Headbutt          ||    11
    Use: Potion            ||     1
 Armour: Scale mail        ||    86
  Dodge: Dodged            ||    45
  Block: Buckler           ||    17

Table legend: (Time is in decaauts)
 A = Elapsed time spent in this place.
 B = Non-inter-level travel time spent in this place.
 C = Inter-level travel time spent in this place.
 D = Time resting spent in this place.
 E = Time spent auto-exploring this place.
 F = Levels seen in this place.
 G = Mean time per level.
                   A        B        C        D        E       F      G
               +--------+--------+--------+--------+--------+-----+--------+
         Total |    976 |    947 |     29 |      0 |    690 |   2 |  488.0 |
       Dungeon |    976 |    947 |     29 |      0 |    690 |   2 |  488.0 |
               +--------+--------+--------+--------+--------+-----+--------+

Top non-repeatable levels by time:
     D:1: 717 daAuts
     D:2: 258 daAuts
